cohdb
Replays
Latest Replays
All Replays
Popular Replays
Top Player Replays
Match Explorer
How It Works
Community
CoH3 Stats
Reddit
Sign in to upload your games and track your stats! →
Sign in with Steam
Match 41708543
Unlisted
Match 41708543
Overview
Messages
Build Orders
End
Construct Weapon Support Center
Selects Heavy Weapons
Engineer Squad
M1919 Machine Gun Team
M1919 Machine Gun Team
Engineer Squad
Selects Assault Carriers
Infantry Support Center
Bazooka Squad
Engineer Squad
Selects M2HB .50cal Heavy Machine Gun
M3 Assault Carrier
Construct Medical Station
Selects Exchangeable Parts
M3 Assault Carrier
Bazooka Squad
Improved M9 Bazooka Rockets
Construct Motor Pool
M24 Chaffee Light Tank
M3 Assault Carrier
M3 Assault Carrier
Selects M26 Pershing Heavy Tank
M26 Pershing Heavy Tank
Construct Barracks
Bazooka Squad
Gecko
Mattfield27
Draken
janemba914
MZMZ
jerjawe
0
0
Comments
sign in to comment!
No comments posted yet!